 Dungeon Crawl Stone Soup version 0.16-a0-3939-g9a3e665 (webtiles) character file.

87 abixa the Charmwright (level 4, -1/33 HPs)
             Began as a Human Skald on Feb 6, 2015.
             Succumbed to a water moccasin's poison
             ... on level 3 of the Dungeon.
             The game lasted 00:07:01 (2232 turns).

abixa the Charmwright (Human Skald)                 Turns: 2232, Time: 00:07:01

Health: -1/33      AC:  4    Str: 12    XL:     4   Next: 80%
Magic:  2/7        EV: 11    Int: 19    God:
Gold:   101        SH:  0    Dex: 12    Spells: 3 memorised, 1 level left

rFire  . . .     SeeInvis .     a - +0 spear
rCold  . . .     Clarity  .     s - +0 leather armour
rNeg   . . .     SustAb   +     (no shield)
rPois  .         Gourm    .     (no helmet)
rElec  .         Spirit   .     w - +0 cloak
rCorr  .         Warding  .     (no gloves)
rMut   .         Stasis   .     (no boots)
MR     .....                    (no amulet)
Stlth  +.........               v - +5 ring of intelligence
                                o - ring of sustain abilities

@: lethally poisoned (-1 -> -19), very slightly contaminated, not resistant to
hostile enchantments, very unstealthy
A: no striking features
a: no special abilities


You were on level 3 of the Dungeon.
You were hungry.

You visited 1 branch of the dungeon, and saw 3 of its levels.

You collected 101 gold pieces.

Inventory:

Hand weapons
 a - a +0 spear (weapon)
 b - a +0 hunting sling
Missiles
 f - 138 stones (quivered)
 i - 14 arrows of frost
 n - 17 bolts
 q - 7 tomahawks
 t - 15 sling bullets
Armour
 s - a +0 leather armour (worn)
 w - a +0 cloak (worn)
Jewellery
 o - a ring of sustain abilities (left hand)
 v - a +5 ring of intelligence (right hand)
 x - an uncursed amulet of warding {unknown}
Scrolls
 h - 2 scrolls of remove curse {unknown}
 j - a scroll of recharging {unknown}
 k - 2 scrolls of identify {unknown}
 r - a scroll of fear {unknown}
Potions
 e - a potion of lignification {unknown}
 g - a potion of might {unknown}
 p - a potion of cancellation {unknown}
Books
 c - a book of Battle

   Spells                             Type                      Level
   a - Infusion                       Charms                       1
   b - Shroud of Golubria             Charms/Translocation         2
   c - Song of Slaying                Charms                       2
   d - Spectral Weapon                Hexes/Charms                 3
   e - Regeneration                   Charms/Necromancy            3
Comestibles
 d - 2 bread rations
 l - a beef jerky
 m - 3 meat rations


   Skills:
 - Level 2.0 Fighting
 - Level 2.8 Polearms
 - Level 1.0 Armour
 - Level 1.0 Dodging
 - Level 2.0 Spellcasting
 + Level 4.7 Charms


You had one spell level left.
You knew the following spells:

 Your Spells              Type           Power        Failure   Level  Hunger
a - Infusion              Chrm           ###...       3%          1    #......
b - Song of Slaying       Chrm           ###.....     6%          2    ###....
c - Spectral Weapon       Hex/Chrm       ##......     28%         3    ###....


Dungeon Overview and Level Annotations

Branches:
Dungeon (3/15)

Altars:
Sif Muna

Annotations:
D:3 Sigmund


Message History

You hit the water moccasin but do no damage.
The water moccasin is heavily wounded.
You feel sick.
Your spectral weapon barely misses the water moccasin.
The water moccasin bites you.
You completely miss the water moccasin.
The water moccasin is heavily wounded.
You feel sick.
Your spectral weapon barely misses the water moccasin.
The water moccasin bites you but does no damage.
You barely miss the water moccasin.
The water moccasin is heavily wounded.
You feel sick.
Your spectral weapon barely misses the water moccasin.
The water moccasin bites you but does no damage.
The water moccasin bites you!
* * * LOW HITPOINT WARNING * * *
You hit the water moccasin.
The water moccasin is heavily wounded.
You die...

############
#..........#
#..........#
............#....
#......@(....#
##.....S....##
#.........##
#....%....#
#.........#
#.........#
##...##### #.##


You could see a water moccasin and a friendly spectral spear.

Vanquished Creatures
  Crazy Yiuf (D:2)
  An adder (D:3)
  2 giant geckos (D:2)
  5 orcs (D:3)
  5 bats
  3 hobgoblins
  6 kobolds
  A quokka (D:2)
  2 giant cockroaches (D:3)
  4 giant newts
  9 goblins
  5 rats
44 creatures vanquished.

Notes
Turn   | Place    | Note
--------------------------------------------------------------
     0 | D:1      | abixa, the Human Skald, began the quest for the Orb.
     0 | D:1      | Reached XP level 1. HP: 16/16 MP: 3/3
   240 | D:1      | Reached XP level 2. HP: 16/22 MP: 0/4
   280 | D:1      | Learned a level 2 spell: Song of Slaying
  1031 | D:2      | Found a deep blue altar of Sif Muna.
  1105 | D:2      | Reached XP level 3. HP: 14/27 MP: 0/6
  1272 | D:2      | Noticed Crazy Yiuf
  1389 | D:2      | Learned a level 3 spell: Spectral Weapon
  1445 | D:3      | Noticed a water moccasin
  1531 | D:3      | Noticed Sigmund
  1600 | D:2      | Killed Crazy Yiuf
  1600 | D:2      | Reached skill level 4 in Charms
  1600 | D:2      | Reached XP level 4. HP: 15/33 MP: 1/7
  2231 | D:3      | HP: 1/33 [water moccasin (9)]
  2232 | D:3      | Succumbed to a water moccasin's poison

Action                   |  1- 3 |  4- 6 || total
-------------------------+-------+-------++-------
Melee: Spear             |   105 |    71 ||   176
 Cast: Infusion          |    12 |     1 ||    13
       Spectral Weapon   |     1 |     2 ||     3
       Song of Slaying   |       |     2 ||     2
  Eat: Chunk             |     2 |     3 ||     5
